 Dungeon Crawl Stone Soup version 0.18.1-50-g88ac8fd (webtiles) character file.

807 RudyRod the Sneak (level 7, 0/66 HPs)
             Began as a Naga Fighter on Oct 12, 2016.
             Was a Believer of Cheibriados.
             Slain by Duvessa
             ... wielding a +0 short sword
              (6 damage)
             ... on level 5 of the Dungeon.
             The game lasted 00:21:09 (5338 turns).

RudyRod the Sneak (Naga Fighter)                    Turns: 5338, Time: 00:21:10

Health: 0/66       AC: 10    Str: 21 (24) XL:     7   Next: 92%
Magic:  6/8        EV:  7    Int:  8 (10) God:    Cheibriados [**....]
Gold:   184        SH:  9    Dex: 14 (15) Spells: 0 memorised, 6 levels left

rFire  . . .     SeeInvis +     a - +0 long sword
rCold  . . .     Gourm    .     b - +0 scale mail
rNeg   . . .     Faith    .     c - +0 shield
rPois  +         Spirit   .     (no helmet)
rElec  .         Dismiss  .     o - +0 cloak
rCorr  .         Reflect  .     s - +0 pair of gloves
SustAt .         Harm     .     (no barding)
MR     .....                    (no amulet)
Stlth  +++.......               (no ring)
                                j - ring of stealth

@: flying, very slow, not resistant to hostile enchantments, fairly stealthy
A: thin metallic scales 1, see invisible, deformed body, dopey 1, poison
resistance, slowness 2, slow metabolism 1, spit poison 2, subdued magic 1, AC +2
a: Spit Poison, Bend Time, Renounce Religion


You were on level 5 of the Dungeon.
You worshipped Cheibriados.
Cheibriados was pleased with you.
You were not hungry.

You visited 2 branches of the dungeon, and saw 6 of its levels.

You collected 184 gold pieces.

Inventory:

Hand Weapons
 a - a +0 long sword (weapon)
Armour
 b - a +0 scale mail (worn)
 c - a +0 shield (worn)
 o - a +0 cloak (worn)
 s - a +0 pair of gloves (worn)
Rods
 n - a +0 rod of ignition (9/9)
   (You found it on level 2 of the Dungeon)
Jewellery
 j - a ring of stealth (left hand)
 p - an uncursed ring of positive energy {unknown}
Scrolls
 d - 2 scrolls of amnesia {unknown}
 e - a scroll of identify
 h - a scroll of blinking {unknown}
 i - a scroll of teleportation {unknown}
 q - a scroll of noise {unknown}
 u - a scroll of immolation {unknown}
Comestibles
 f - 3 bread rations
 l - 4 fruits
 m - 2 beef jerkies


   Skills:
 + Level 4.4 Fighting
 + Level 2.9 Long Blades
 * Level 4.3 Armour
 + Level 2.7 Dodging
 * Level 5.0 Stealth
 + Level 3.3 Shields
 * Level 2.4 Invocations


You had 6 spell levels left.
You didn't know any spells.

Dungeon Overview and Level Annotations

Branches:
Dungeon (5/15)             Temple (1/1) D:4

Altars:
Cheibriados
Dithmenos
Elyvilon
Fedhas
Gozag
Makhleb
Nemelex Xobeh
Okawaru
Pakellas
Qazlal
Ru
Sif Muna
Trog
Vehumet
Zin
The Shining One

Annotations:
D:5 Duvessa


Innate Abilities, Weirdness & Mutations

You cannot wear boots.
Your serpentine skin is tough (AC +2).
You have supernaturally acute eyesight.
Armour fits poorly on your strangely shaped body.
Your system is resistant to poisons.
You cover ground very slowly.
You have a slow metabolism.
You can spit poison.
You are partially covered in thin metallic scales (AC +2).
You are dopey. (Int -2)
Your spells are a little easier to cast, but a little less powerful.


Message History

Duvessa hits you with a short sword!
* * * LOW HITPOINT WARNING * * *
You hit Duvessa but do no damage.
Duvessa is moderately wounded.
Duvessa hits you with a short sword.
* * * LOW HITPOINT WARNING * * *
You block Duvessa's attack. Duvessa completely misses you.
Drink which item? (? for menu, Esc to quit)
It was a potion of mutation.
You feel extremely strange.
Your connection to magic feels subdued.
Thin metallic scales grow over part of your body.
You feel stupid. You block Duvessa's attack. x2
Drink which item? (? for menu, Esc to quit)
It was a potion of flight.
You feel very buoyant.
You fly up into the air.
You feel yourself speed up. You block Duvessa's attack.
Duvessa hits you with a short sword.
You die...

#...........#
#####..###..####
#..........#
##.####..##.#
##...###..##.#
##.....##..##.#
##.......#..##.#
.####..............#
#......e@.......###.#
#..####..>...##.# #.#
# #.#...###.###.#####
............##)#....
..##.##..........#.###
#.. #.##......>...#.#
#. ...........#..#.# #
....#.##......)#.# ..
.............###


You could see Duvessa (berserk).

Vanquished Creatures
  An ice beast (D:5)
  A centaur (D:4)
  A gnoll sergeant (D:4)
  Dowan (D:5)
  2 scorpions
  A crimson imp (D:5)
  An orc priest (D:3)
  3 worker ants
  3 orc wizards
  A hound skeleton (D:4)
  8 gnolls
  An adder (D:3)
  2 shadow imps (D:5)
  An ooze (D:1)
  An adder zombie (D:5)
  3 worms
  A dart slug (D:1)
  6 giant geckos
  9 orcs
  3 giant cockroaches
  9 goblins
  6 hobgoblins
  5 jackals
  5 kobolds
  2 quokkas (D:2)
  A ball python (D:4)
  8 bats
  A giant cockroach zombie (D:5)
  A giant gecko skeleton (D:4)
  9 giant newts
  A jackal skeleton (D:4)
  A quokka zombie (D:3)
  6 rats
105 creatures vanquished.

Notes
Turn   | Place    | Note
--------------------------------------------------------------
     0 | D:1      | RudyRod the Naga Fighter began the quest for the Orb.
     0 | D:1      | Reached XP level 1. HP: 21/21 MP: 1/1
    83 | D:1      | Reached XP level 2. HP: 21/28 MP: 2/2
   254 | D:1      | Reached skill level 1 in Stealth
   560 | D:1      | Reached XP level 3. HP: 31/34 MP: 3/3
  1757 | D:3      | Reached XP level 4. HP: 17/42 MP: 4/4
  1761 | D:3      | Reached skill level 1 in Dodging
  1761 | D:3      | Reached skill level 2 in Stealth
  2024 | D:3      | Reached XP level 5. HP: 46/49 MP: 5/5
  2710 | D:3      | Reached skill level 3 in Stealth
  2988 | D:4      | Found a staircase to the Ecumenical Temple.
  2997 | Temple   | Entered the Ecumenical Temple
  3021 | Temple   | Became a worshipper of Cheibriados the Contemplative
  3330 | D:4      | Reached XP level 6. HP: 19/56 MP: 2/6
  3747 | D:4      | Found a sacrificial altar of Ru.
  3809 | D:4      | Reached * piety under Cheibriados
  3809 | D:4      | Reached skill level 1 in Invocations
  4191 | D:4      | Reached skill level 4 in Stealth
  4191 | D:4      | Reached XP level 7. HP: 56/64 MP: 6/8
  4338 | D:4      | Found a shadowy altar of Dithmenos.
  4341 | D:4      | Found a sacrificial altar of Ru.
  4380 | D:4      | Found a radiant altar of Vehumet.
  4382 | D:4      | Found a glowing silver altar of Zin.
  4421 | D:5      | Entered Level 5 of the Dungeon
  5240 | D:5      | Reached ** piety under Cheibriados
  5303 | D:5      | Noticed Dowan
  5326 | D:5      | Killed Dowan
  5326 | D:5      | Reached skill level 5 in Stealth
  5327 | D:5      | Noticed Duvessa
  5337 | D:5      | Gained mutation: Your spells are a little easier to cast, but a little less powerful. [potion of mutation]
  5337 | D:5      | Gained mutation: You are partially covered in thin metallic scales (AC +2). [potion of mutation]
  5337 | D:5      | Gained mutation: You are dopey. (Int -2) [potion of mutation]
  5338 | D:5      | Slain by Duvessa

Skill      XL: |  1  2  3  4  5  6  7 |
---------------+----------------------+-----
Stealth        | 1 2 3 4 5 |  5.0
Dodging        | 1 2 |  2.7
Armour         | 3 4 |  4.3
Shields        | 3 |  3.3
Invocations    | 1 2 |  2.4
Fighting       | 4 |  4.4
Long Blades    | |  2.9

Action                   |  1- 3 |  4- 6 |  7- 9 || total
-------------------------+-------+-------+-------++-------
Melee: Long sword        |    99 |   157 |   106 ||   362
Invok: Bend Time         |       |     1 |     2 ||     3
 Abil: Spit Poison       |     6 |    20 |     5 ||    31
  Use: Potion            |     2 |     4 |     3 ||     9
       Scroll            |     2 |       |       ||     2
 Stab: Sleeping          |     1 |     1 |     3 ||     5
  Eat: Chunk             |     2 |     1 |       ||     3
       Meat ration       |       |     2 |       ||     2
Armor: Scale mail        |    53 |    64 |    37 ||   154
       Skin              |       |    22 |       ||    22
Dodge: Dodged            |    25 |    53 |    23 ||   101
Block: Shield            |    42 |   100 |    51 ||   193
